 Dungeon Crawl Stone Soup version 0.28-a0-1235-g7c8fac35f0 (webtiles) character file.

Game seed: 3871641195576141092

79 Vash the Insei (level 4, -1/34 HPs)
             Began as a Gnoll Transmuter on Dec 24, 2021.
             Slain by a kobold (5 damage)
             ... in a sewer.
             The game lasted 00:03:39 (2339 turns).

Vash the Insei (Gnoll Transmuter)                   Turns: 2339, Time: 00:03:39

Health: -1/34      AC:  3    Str: 12    XL:     4   Next: 38%
Magic:  11/11      EV: 10    Int: 12    God:
Gold:   96         SH:  0    Dex: 12    Spells: 12/13 levels left

rFire   . . .      SeeInvis .     - Unarmed
rCold   . . .      Faith    .   (no shield)
rNeg    . . .      Spirit   .   a - +0 robe
rPois   .          Reflect  .   (helmet currently unavailable)
rElec   .          Harm     .   e - +0 cloak
rCorr   +          Rampage  .   (no gloves)
Will    .....                   (boots currently unavailable)
Stlth   +.........              (no amulet)
HPRegen 0.11/turn               j - ring of resist corrosion
MPRegen 0.12/turn               (no ring)

@: appendages (expiring), attractive, constricted, very slow
A: horns 2, talons 2, fangs 1, strong nose, distributed training
a: End Transformation


You were in a sewer.
You had temporarily grown beastly horns and talons.
You visited 1 branch of the dungeon, and saw 3 of its levels.
You also visited: Sewer.

You collected 96 gold pieces.

Inventory:

Armour
 a - a +0 robe (worn)
 e - a +0 cloak (worn)
Jewellery
 j - a ring of resist corrosion (left hand)
Scrolls
 b - a scroll of teleportation {unknown}
 h - a scroll of identify
 i - 2 scrolls of fog


   Skills:
 + Level 2.7 Fighting
 + Level 1.1 Short Blades
 + Level 1.1 Long Blades
 + Level 1.1 Axes
 + Level 1.1 Maces & Flails
 + Level 1.1 Polearms
 + Level 1.1 Staves
 + Level 1.1 Slings
 + Level 1.1 Bows
 + Level 1.1 Crossbows
 + Level 1.1 Throwing
 + Level 1.1 Armour
 + Level 4.6 Dodging
 + Level 1.1 Stealth
 + Level 1.1 Shields
 + Level 6.6 Unarmed Combat
 + Level 5.1 Spellcasting
 + Level 0.9 Conjurations
 + Level 0.9 Hexes
 + Level 0.9 Summonings
 + Level 0.9 Necromancy
 + Level 0.9 Translocations
 + Level 3.8 Transmutations
 + Level 0.9 Fire Magic
 + Level 0.9 Ice Magic
 + Level 0.9 Air Magic
 + Level 0.9 Earth Magic
 + Level 0.9 Poison Magic
 + Level 1.2 Invocations
 + Level 1.1 Evocations


You had 12 spell levels left.
You knew the following spells:

 Your Spells              Type           Power      Damage    Failure   Level
a - Beastly Appendage     Tmut           24%        N/A       4%          1

Your spell library contained the following spells:

 Spells                   Type           Power      Damage    Failure   Level
 Wereblood                Tmut           12%        N/A       6%          2
 Spider Form              Tmut/Pois      8%         N/A       22%         3
 Inner Flame              Hex/Fire       5%         N/A       38%         3
 Ice Form                 Ice/Tmut       8%         N/A       58%         4
 Cause Fear               Hex            2%         N/A       80%         4
 Discord                  Hex            2%         N/A       100%        8


Dungeon Overview and Level Annotations

Branches:
Dungeon (3/15)              Sewer (1/1)

Altars:


Innate Abilities, Weirdness & Mutations

You have temporarily grown beastly horns and talons.
You have very sharp teeth.
Your uncanny sense of smell can sniff out nearby items.
Your experience applies equally to all skills.


Message History

The ball python bites you. The ball python completely misses you.
The ball python closely misses you. x2
You barely miss the ball python.
You claw the ball python, but do no damage.
Your headbutt misses the ball python. The ball python barely misses you.
The ball python closely misses you.
You hit the ball python but do no damage.
You claw the ball python.
The ball python is heavily wounded.
The ball python closely misses you. The ball python grabs you.
The ball python constricts you.
Your unstable footing causes you to fumble your attack.
The ball python bites you but does no damage.
The ball python constricts you. The kobold completely misses you.
Your unstable footing causes you to fumble your attack.
The ball python barely misses you. The ball python constricts you.
Your unstable footing causes you to fumble your attack.
The kobold splashes around in the water.
The ball python bites you.
* * * LOW HITPOINT WARNING * * *
The ball python constricts you.
You hit the kobold.
The kobold is severely wounded.
The kobold closely misses you.
The ball python bites you but does no damage.
The ball python constricts you.
It was a potion of attraction.
You feel attractive to monsters. The kobold misses you.
The ball python bites you.
* * * LOW HITPOINT WARNING * * *
The ball python constricts you.
It was a potion of magic.
Magic courses through your body.
Your transformation is almost over.
The ball python bites you.
* * * LOW HITPOINT WARNING * * *
The ball python constricts you. The kobold hits you but does no damage.
Your unstable footing causes you to fumble your attack.
The ball python barely misses you. The ball python constricts you.
The kobold hits you with a +0 short sword.
You die...

#≈# ∆ ##≈##
##≈≈≈##
..≈####..≈.≈####
w..≈≈≈≈.≈∩≈≈≈≈≈≈
#≈∩.≈.# ##...##
##K## #@# #S#
#≈# ≈≈. ≈..
≈.... ≈....
##.≈.##


You could see a ball python and a kobold.

Vanquished Creatures
  3 adders
  2 dart slugs
  2 orcs (D:3)
  4 ball pythons
  3 endoplasms
  5 giant cockroaches
  3 goblins
  5 hobgoblins
  3 jackals (D:1)
  A quokka (D:3)
  A bat (D:1)
  5 frilled lizards
  3 kobolds
  4 rats
44 creatures vanquished.

Notes
Turn   | Place    | Note
-------+----------+-------------------------------------------
     0 | D:1      | Vash the Gnoll Transmuter began the quest for the Orb.
     0 | D:1      | Reached XP level 1. HP: 17/17 MP: 6/6
   239 | D:1      | Reached XP level 2. HP: 21/23 MP: 7/7
  1122 | D:1      | Reached XP level 3. HP: 28/28 MP: 9/9
  1267 | D:2      | Found a faded altar of an unknown god.
  1280 | D:2      | Reached skill level 5 in Spellcasting
  1711 | D:2      | Reached skill level 1 in Invocations
  2053 | D:3      | Reached skill level 1 in Short Blades
  2053 | D:3      | Reached skill level 1 in Long Blades
  2053 | D:3      | Reached skill level 1 in Axes
  2053 | D:3      | Reached skill level 1 in Maces & Flails
  2053 | D:3      | Reached skill level 1 in Polearms
  2053 | D:3      | Reached skill level 1 in Staves
  2053 | D:3      | Reached skill level 1 in Slings
  2053 | D:3      | Reached skill level 1 in Bows
  2053 | D:3      | Reached skill level 1 in Crossbows
  2053 | D:3      | Reached skill level 1 in Throwing
  2053 | D:3      | Reached skill level 1 in Armour
  2053 | D:3      | Reached skill level 1 in Stealth
  2053 | D:3      | Reached skill level 1 in Shields
  2053 | D:3      | Reached skill level 1 in Evocations
  2271 | D:3      | Reached XP level 4. HP: 13/34 MP: 9/11
  2307 | D:3      | Found a glowing drain.
  2318 | Sewer    | Entered a sewer
  2339 | Sewer    | Slain by a kobold

Illustrated notes

Levels and vault maps discovered:
D:1:      dpeg_arrival_radiant, layout_rooms, amcnicky_mini_pool_small
D:2:      layout_loops_ring, hellmonk_ecumenical_altar_lost_god
D:3:      layout_loops_ring, lemuel_crystal_altar, gup_sewer_entry_bubbles
Sewer:    sewer_co_15_rooms

Skill      XL: |  1  2  3 |
---------------+----------+-----
Spellcasting   | 5 |  5.1
Invocations    | 1 |  1.2
Short Blades   | 1 |  1.1
Long Blades    | 1 |  1.1
Axes           | 1 |  1.1
Maces & Flails | 1 |  1.1
Polearms       | 1 |  1.1
Staves         | 1 |  1.1
Slings         | 1 |  1.1
Bows           | 1 |  1.1
Crossbows      | 1 |  1.1
Throwing       | 1 |  1.1
Armour         | 1 |  1.1
Stealth        | 1 |  1.1
Shields        | 1 |  1.1
Evocations     | 1 |  1.1
Fighting       | |  2.7
Dodging        | |  4.6
Unarmed Combat | |  6.6
Conjurations   | |  0.9
Hexes          | |  0.9
Summonings     | |  0.9
Necromancy     | |  0.9
Translocations | |  0.9
Transmutations | |  3.8
Fire Magic     | |  0.9
Ice Magic      | |  0.9
Air Magic      | |  0.9
Earth Magic    | |  0.9
Poison Magic   | |  0.9

Action                   |  1- 3 |  4- 6 || total
-------------------------+-------+-------++-------
Melee: Unarmed           |   100 |    24 ||   124
       Headbutt          |     8 |     1 ||     9
       Kick              |     9 |     3 ||    12
       Bite              |     3 |     1 ||     4
       Punch             |       |     1 ||     1
 Cast: Beastly Appendage |    13 |     1 ||    14
  Use: Scroll            |     4 |       ||     4
       Potion            |     1 |     4 ||     5
 Stab: Sleeping          |     5 |       ||     5
Armor: Robe              |    23 |     6 ||    29
Dodge: Dodged            |    62 |    21 ||    83

Table legend: (Time is in decaauts)
 A = Elapsed time spent in this place.
 B = Non-inter-level travel time spent in this place.
 C = Inter-level travel time spent in this place.
 D = Time resting spent in this place.
 E = Time spent auto-exploring this place.
 F = Levels seen in this place.
 G = Mean time per level.
                   A        B        C        D        E       F      G
               +--------+--------+--------+--------+--------+-----+--------+
         Total |   2342 |   2294 |     48 |    599 |   1133 |   4 |  585.5 |
       Dungeon |   2321 |   2273 |     48 |    599 |   1133 |   3 |  773.7 |
         Sewer |     21 |     21 |      0 |      0 |      0 |   1 |   21.0 |
               +--------+--------+--------+--------+--------+-----+--------+

Top non-repeatable levels by time:
     D:1: 1235 daAuts
     D:2: 682 daAuts
     D:3: 403 daAuts
   Sewer: 21 daAuts
